[Event "ICC tourney 3254 (40 10)"]
[Site "Internet Chess Club"]
[Date "2023.08.05"]
[Round "3"]
[White "PUGH, RICHARD:rpughiii"]
[Black "Mitrabha, Guha:babysnake"]
[Result "0-1"]
[ICCResult "White resigns"]
[WhiteElo "1622"]
[BlackElo "2565"]
[Opening "Queen's Indian defense"]
[ECO "A47"]
[NIC "QP.06"]
[Time "15:31:31"]
[PlyCount "42"]
[TimeControl "2400+10"]

1. d4 Nf6 2. Nf3 b6 3. e3 Bb7 4. Bd3 g6 5. b3 Bg7 6. Bb2 O-O 7. O-O c5 8.
Nbd2 Nc6 9. a3 d5 10. Qe2 Qc7 11. Rac1 Rac8 12. Ne5 Nxe5 13. dxe5 Nd7 14. f4
e6 15. c4 Rfd8 16. cxd5 Bxd5 17. Ba6 Rb8 18. e4 Bc6 19. Bb5 Bxb5 20. Qxb5
Nxe5 21. Bxe5 Bxe5 {White resigns} 0-1

[Event "ICC tourney 3254 (40 10)"]
[Site "Internet Chess Club"]
[Date "2023.08.05"]
[Round "3"]
[White "Volkov, Sergey:Volkov"]
[Black "OPASKA, MICHAEL:mopaska1106"]
[Result "1-0"]
[ICCResult "Black resigns"]
[WhiteElo "2501"]
[BlackElo "2040"]
[Opening "QGD: exchange, positional line, 5...c6"]
[ECO "D35"]
[NIC "QO.16"]
[Time "15:31:05"]
[PlyCount "55"]
[TimeControl "2400+10"]

1. d4 d5 2. c4 e6 3. Nc3 Nf6 4. cxd5 exd5 5. Bg5 c6 6. e3 Be7 7. Qc2 O-O 8.
Bd3 Nbd7 9. h3 Re8 10. Nf3 Nf8 11. O-O h6 12. Bf4 Bd6 13. Bxd6 Qxd6 14. Rae1
Be6 15. Ne5 Rac8 16. f4 c5 17. Qf2 c4 18. Bb1 Bd7 19. g4 b5 20. Nxd7 Qxd7
21. Bf5 Ne6 22. g5 hxg5 23. fxg5 Nh5 24. Bg4 g6 25. e4 Qe7 26. exd5 Qxg5 27.
Qxf7+ Kh8 28. dxe6 {Black resigns} 1-0

[Event "ICC tourney 3254 (40 10)"]
[Site "Internet Chess Club"]
[Date "2023.08.05"]
[Round "3"]
[White "Windram, James Alexander:Cypsiurus"]
[Black "MARKOVIC, GORAN:Goran21"]
[Result "1/2-1/2"]
[ICCResult "Game drawn because neither player has mating material"]
[WhiteElo "1932"]
[BlackElo "2049"]
[Opening "Réti opening"]
[ECO "A04"]
[NIC "QP.10"]
[Time "15:30:42"]
[PlyCount "201"]
[TimeControl "2400+10"]

1. Nf3 c5 2. g3 g6 3. Bg2 Bg7 4. d4 cxd4 5. Nxd4 Nc6 6. Nb3 Nf6 7. Nc3 O-O
8. O-O d6 9. h3 Be6 10. Be3 Qd7 11. Kh2 Ne5 12. Qc1 Nc4 13. Bg5 Rac8 14. Nd2
Nxb2 15. Qxb2 Rxc3 16. Bxf6 Bxf6 17. Ne4 Rfc8 18. Nxf6+ exf6 19. Rac1 b6 20.
Rfd1 Kg7 21. Rd4 h5 22. Rf4 g5 23. Rd4 Qc7 24. Be4 Qc5 25. e3 h4 26. Rg1
hxg3+ 27. Rxg3 d5 28. Bd3 Rh8 29. f4 Kf8 30. fxg5 fxg5 31. Bc4 Qa5 32. Bxd5
Ke7 33. Bxe6 fxe6 34. Rd3 Rhc8 35. Rg2 Qe5+ 36. Kg1 R8c5 37. Rxc3 Rxc3 38.
Qb4+ Qc5 39. Qxc5+ Rxc5 40. Kh2 Kf6 41. Kg3 Ra5 42. c3 Kf5 43. Kf3 e5 44.
e4+ Kf6 45. Kg4 Ra4 46. Re2 Rc4 47. Re3 b5 48. Kh5 Ra4 49. Re2 Ra3 50. Rf2+
Ke6 51. Kxg5 Rxc3 52. Rf6+ Ke7 53. Ra6 Rxh3 54. Rxa7+ Kd6 55. Ra5 Kc5 56. a4
Kd4 57. axb5 Kxe4 58. Ra4+ Kd5 59. b6 Rb3 60. Kf5 Rf3+ 61. Kg4 Rb3 62. Kf5
e4 63. Rxe4 Rxb6 64. Re5+ Kd4 65. Re4+ Kd3 66. Re5 Rd6 67. Re6 Rd8 68. Rf6
Kd4 69. Re6 Kd5 70. Re5+ Kd4 71. Re4+ Kd5 72. Re5+ Kd6 73. Re6+ Kd7 74. Re5
Rf8+ 75. Ke4 Kd6 76. Rd5+ Kc6 77. Re5 Rf1 78. Rf5 Re1+ 79. Kf4 Kd6 80. Kg5
Ke6 81. Rf6+ Ke7 82. Rf4 Rg1+ 83. Rg4 Re1 84. Rf4 Ke6 85. Kg4 Ke5 86. Rf5+
Ke4 87. Rf4+ Ke5 88. Rf5+ Ke6 89. Rf3 Rg1+ 90. Kf4 Kf6 91. Ke3+ Ke5 92. Rh3
Ra1 93. Rh5+ Kf6 94. Rd5 Ra6 95. Rd3 Ke5 96. Kd2 Ke4 97. Re3+ Kf4 98. Rc3
Ra4 99. Kd3 Kf3 100. Rc4 Rxc4 101. Kxc4
{Game drawn because neither player has mating material}
1/2-1/2

[Event "ICC tourney 3254 (40 10)"]
[Site "Internet Chess Club"]
[Date "2023.08.05"]
[Round "3"]
[White "Luo, Will:willluowin"]
[Black "Guo, Anni:movingkid"]
[Result "1/2-1/2"]
[ICCResult "Game drawn by mutual agreement"]
[WhiteElo "2011"]
[BlackElo "2056"]
[Opening "English, 1...Nf6 (Anglo-Indian defense)"]
[ECO "A13"]
[NIC "RE.11"]
[Time "15:30:45"]
[PlyCount "65"]
[TimeControl "2400+10"]

1. c4 Nf6 2. g3 e6 3. Bg2 d5 4. Nf3 c6 5. d4 Bb4+ 6. Bd2 Be7 7. e3 b6 8. Nc3
Bb7 9. b3 Nbd7 10. O-O O-O 11. Qe2 Bd6 12. Rfd1 Qe7 13. e4 dxe4 14. Nxe4
Nxe4 15. Qxe4 Nf6 16. Qh4 c5 17. Bg5 cxd4 18. Qxd4 Rad8 19. Bxf6 Qxf6 20.
Qxf6 gxf6 21. Rac1 Ba3 22. Rxd8 Rxd8 23. Re1 Bb4 24. Rf1 Be4 25. h4 Bc5 26.
Re1 Bxf3 27. Bxf3 Rd2 28. Re2 Rxe2 29. Bxe2 Kf8 30. Kg2 e5 31. f3 h6 32. Kh3
Bf2 33. Bd3 {Game drawn by mutual agreement} 1/2-1/2

[Event "ICC tourney 3254 (40 10)"]
[Site "Internet Chess Club"]
[Date "2023.08.05"]
[Round "3"]
[White "ZHOU, JIANCHAO:TomCruise999"]
[Black "LIANG, YU-CHENG:Yucheng"]
[Result "1-0"]
[ICCResult "Black resigns"]
[WhiteElo "2629"]
[BlackElo "2213"]
[Opening "Bogo-Indian defense, Grünfeld variation"]
[ECO "E11"]
[NIC "QI.01"]
[Time "15:30:42"]
[PlyCount "71"]
[TimeControl "2400+10"]

1. d4 Nf6 2. c4 e6 3. Nf3 Bb4+ 4. Nbd2 O-O 5. a3 Be7 6. e4 d6 7. Be2 Nbd7 8.
O-O e5 9. Qc2 c6 10. b4 a5 11. Bb2 axb4 12. axb4 Rxa1 13. Rxa1 Re8 14. dxe5
Nxe5 15. Nxe5 dxe5 16. c5 b6 17. Nc4 bxc5 18. Nxe5 Bd6 19. Nxc6 Qc7 20. e5
Qxc6 21. exd6 Qxd6 22. bxc5 Qc7 23. h3 Ne4 24. Bb5 Bd7 25. Bxd7 Qxd7 26. Re1
Nf6 27. Rxe8+ Nxe8 28. c6 Qd6 29. Qe4 Nc7 30. Qg4 Ne6 31. Bxg7 Qxc6 32. Bb2+
Kf8 33. Ba3+ Ke8 34. Qg8+ Kd7 35. Qxf7+ Kc8 36. Qg8+ {Black resigns} 1-0

[Event "ICC tourney 3254 (40 10)"]
[Site "Internet Chess Club"]
[Date "2023.08.05"]
[Round "3"]
[White "YI, COLIN:handsomematch"]
[Black "INDUKURI, SUHAS VARMA:Suhas12"]
[Result "1-0"]
[ICCResult "Black forfeits on time"]
[WhiteElo "1578"]
[BlackElo "1876"]
[Opening "Sicilian: Kan, Maróczy bind (Réti variation)"]
[ECO "B41"]
[NIC "SI.41"]
[Time "15:30:53"]
[PlyCount "85"]
[TimeControl "2400+10"]

1. e4 c5 2. Nf3 e6 3. d4 cxd4 4. Nxd4 a6 5. c4 Nc6 6. Nc3 Qc7 7. Be3 Nf6 8.
f3 Be7 9. Be2 O-O 10. O-O Rd8 11. Nc2 Ne5 12. b3 d5 13. exd5 Bc5 14. Ne4
Bxe3+ 15. Nxe3 exd5 16. Nxf6+ gxf6 17. Nxd5 Qc5+ 18. Kh1 Kg7 19. f4 Ng6 20.
Qe1 Bf5 21. Qf2 Qxf2 22. Rxf2 Be4 23. Bf3 Bxd5 24. Bxd5 Rd7 25. Re1 Rad8 26.
g3 Ne7 27. Be4 Nc6 28. Bxc6 bxc6 29. Kg2 Rd2 30. Ree2 R2d7 31. Kf1 Rd1+ 32.
Re1 R1d2 33. Rxd2 Rxd2 34. Re2 Rd1+ 35. Kf2 Rd8 36. Ke3 a5 37. Rd2 Re8+ 38.
Kd4 Rd8+ 39. Kc3 Rc8 40. Rd7 Ra8 41. Rc7 Ra6 42. Kd4 a4 43. b4
{Black forfeits on time}
1-0

[Event "ICC tourney 3254 (40 10)"]
[Site "Internet Chess Club"]
[Date "2023.08.05"]
[Round "3"]
[White "HEBDEN, MARK L:mhebden"]
[Black "QUIRKE, JEFFREY L:PawnEatingZombi"]
[Result "1/2-1/2"]
[ICCResult "Game drawn by mutual agreement"]
[WhiteElo "2554"]
[BlackElo "2180"]
[Opening "QGD: exchange, positional line, 5...c6"]
[ECO "D35"]
[NIC "QO.16"]
[Time "15:30:35"]
[PlyCount "145"]
[TimeControl "2400+10"]

1. d4 d5 2. c4 e6 3. Nc3 Nf6 4. cxd5 exd5 5. Bg5 c6 6. e3 Be6 7. Bd3 Nbd7 8.
f4 h6 9. Bh4 g5 10. fxg5 Ne4 11. Bxe4 hxg5 12. Bd3 gxh4 13. Nf3 h3 14. g3
Bh6 15. Qe2 Qe7 16. O-O-O O-O-O 17. Kb1 Bg4 18. e4 dxe4 19. Nxe4 f5 20. Nf2
Qxe2 21. Bxe2 Nf6 22. Rhe1 f4 23. gxf4 Bxf4 24. Ne5 Be6 25. Ng6 Bf5+ 26. Bd3
Bxg6 27. Bxg6 Bxh2 28. Nxh3 Rh4 29. Ng5 Rhxd4 30. Rxd4 Rxd4 31. Nf3 Bg3 32.
Rg1 Bf2 33. Rf1 Be3 34. Nxd4 Bxd4 35. Rh1 a5 36. Kc2 Kc7 37. Bf5 b5 38. b3
Kd6 39. Kd3 Be5 40. Be4 a4 41. bxa4 bxa4 42. Rc1 Nxe4 43. Kxe4 Bb2 44. Rc2
a3 45. Kd3 Kd5 46. Rc4 c5 47. Rh4 Be5 48. Ra4 Bb2 49. Ra5 Bc1 50. Ra4 Bb2
51. Rg4 Be5 52. Rg5 c4+ 53. Ke3 Kd6 54. Ke4 Bb2 55. Rg8 c3 56. Kd3 Kd5 57.
Rg5+ Kd6 58. Rg4 Kd5 59. Rd4+ Kc5 60. Rc4+ Kd5 61. Rc8 Kd6 62. Ke4 Kd7 63.
Rc5 Kd6 64. Rc4 Ke6 65. Rc6+ Kd7 66. Kd5 Ke7 67. Rc7+ Kf6 68. Rc4 Kf5 69.
Kd6 Ba1 70. Kc5 Ke5 71. Kb4 Bb2 72. Kb3 Kd5 73. Rxc3
{Game drawn by mutual agreement}
1/2-1/2

[Event "ICC tourney 3254 (40 10)"]
[Site "Internet Chess Club"]
[Date "2023.08.05"]
[Round "3"]
[White "LOCHAM, DIVJOT SINGH:winner08"]
[Black "Vikas, Hema:madscience08"]
[Result "1-0"]
[ICCResult "Black resigns"]
[WhiteElo "1868"]
[BlackElo "1803"]
[Opening "Sicilian: Canal-Sokolsky attack, 3...Bd7"]
[ECO "B52"]
[NIC "SI.01"]
[Time "15:31:01"]
[PlyCount "61"]
[TimeControl "2400+10"]

1. e4 c5 2. Nf3 d6 3. Bb5+ Bd7 4. Bxd7+ Qxd7 5. O-O Nc6 6. c3 Nf6 7. Re1 e6
8. d4 cxd4 9. cxd4 Be7 10. Nc3 O-O 11. h3 Rac8 12. Bf4 Rfd8 13. Qe2 Nxd4 14.
Nxd4 e5 15. Be3 exd4 16. Bxd4 b6 17. Rad1 Qb7 18. Bxf6 Bxf6 19. Nd5 Be7 20.
Qh5 Rc2 21. Re3 Rdc8 22. Rf3 g6 23. Qh6 R8c4 24. Rf6 Rxe4 25. Rxd6 Rce2 26.
Rd7 Qc6 27. Rd3 Bh4 28. g3 Qc5 29. Rf3 Qa5 30. gxh4 Qe1+ 31. Kg2 {Black
resigns} 1-0

[Event "ICC tourney 3254 (40 10)"]
[Site "Internet Chess Club"]
[Date "2023.08.05"]
[Round "3"]
[White "KOEHL, EVAN:MacAndSneeze"]
[Black "TAO, SIHAN:pangpangba"]
[Result "1/2-1/2"]
[ICCResult "Game drawn by repetition"]
[WhiteElo "2027"]
[BlackElo "2180"]
[Opening "Sicilian: Canal-Sokolsky (Nimzovich-Rossolimo, Moscow) attack"]
[ECO "B51"]
[NIC "SI.01"]
[Time "15:30:38"]
[PlyCount "95"]
[TimeControl "2400+10"]

1. e4 c5 2. Nf3 d6 3. Bb5+ Nd7 4. Ba4 Nf6 5. O-O a6 6. c4 g6 7. Nc3 Bg7 8.
d4 cxd4 9. Nxd4 O-O 10. Bc2 Ne5 11. b3 Bd7 12. f3 Nc6 13. Be3 Rc8 14. Nde2
Qa5 15. Qd2 b5 16. cxb5 axb5 17. Bd3 b4 18. Na4 Rb8 19. Nb2 Ne5 20. a4 Nxd3
21. Nxd3 Rfc8 22. Rac1 Ne8 23. Rxc8 Bxc8 24. Rc1 Be6 25. Qd1 Rc8 26. Rxc8
Bxc8 27. Nef4 Nc7 28. Qc2 Bc3 29. Ne2 Ba6 30. Nxc3 bxc3 31. Bd4 Ne6 32. Bxc3
Bxd3 33. Qxd3 Qb6+ 34. Kf1 Qxb3 35. a5 Nf4 36. Qd2 Qb5+ 37. Kf2 Nd3+ 38. Ke3
Nc5 39. Qd4 f6 40. Qd5+ Kf8 41. h3 Qf1 42. Qd2 Qg1+ 43. Kf4 Qh2+ 44. Ke3
Qg1+ 45. Kf4 Qh2+ 46. Ke3 Qg1+ 47. Kf4 Qh2+ 48. Ke3 {Game drawn by
repetition} 1/2-1/2

[Event "ICC tourney 3254 (40 10)"]
[Site "Internet Chess Club"]
[Date "2023.08.05"]
[Round "3"]
[White "RALLABANDI, KRISHNA K:venkataralla"]
[Black "YU, AVERY:Averyyu321"]
[Result "1-0"]
[ICCResult "Black checkmated"]
[WhiteElo "2055"]
[BlackElo "1997"]
[Opening "QGD: exchange, positional line, 5...c6"]
[ECO "D35"]
[NIC "QO.16"]
[Time "15:31:31"]
[PlyCount "91"]
[TimeControl "2400+10"]

1. d4 d5 2. c4 e6 3. Nc3 Nf6 4. cxd5 exd5 5. Bg5 c6 6. e3 Be7 7. Bd3 Nbd7 8.
Qc2 O-O 9. Nf3 h6 10. Bh4 Re8 11. O-O Ne4 12. Bxe4 Bxh4 13. Bh7+ Kh8 14. Bd3
Be7 15. Rae1 Nf6 16. Ne5 Kg8 17. f4 a6 18. Qe2 c5 19. h3 c4 20. Bc2 b5 21.
a3 Qb6 22. g4 Bb7 23. g5 Ne4 24. gxh6 Qxh6 25. Nxe4 dxe4 26. Kh2 f6 27. Ng4
Qh4 28. Rg1 Kf7 29. b3 Rh8 30. Qg2 g5 31. bxc4 bxc4 32. Rb1 Bd5 33. Nf2 Rag8
34. Bxe4 Bxe4 35. Nxe4 g4 36. Nf2 g3+ 37. Kh1 Qh5 38. Rb7 Qf5 39. Rgb1 Qe6
40. R1b6 Qf5 41. Ne4 Rxh3+ 42. Kg1 Qh5 43. Rxf6+ Ke8 44. Nd6+ Bxd6 45. Qc6+
Kd8 46. Qd7# {Black checkmated} 1-0

[Event "ICC tourney 3254 (40 10)"]
[Site "Internet Chess Club"]
[Date "2023.08.05"]
[Round "4"]
[White "YI, COLIN:handsomematch"]
[Black "YU, AVERY:Averyyu321"]
[Result "0-1"]
[ICCResult "White resigns"]
[WhiteElo "1578"]
[BlackElo "1997"]
[Opening "Sicilian: Najdorf"]
[ECO "B90"]
[NIC "SI.14"]
[Time "17:45:31"]
[PlyCount "62"]
[TimeControl "2400+10"]

1. e4 c5 2. Nf3 d6 3. d4 cxd4 4. Nxd4 Nf6 5. Nc3 a6 6. f3 e5 7. Nb3 Be6 8.
Be3 Be7 9. Qd2 O-O 10. g4 d5 11. exd5 Nxd5 12. Nxd5 Bxd5 13. Be2 Bh4+ 14.
Bf2 Bxf2+ 15. Kxf2 Nc6 16. Rad1 Qh4+ 17. Kg2 Qxg4+ 18. Kf2 Qh4+ 19. Kg2 Rad8
20. Qe1 Qg5+ 21. Qg3 Qf6 22. c4 Be6 23. Nc5 Nd4 24. Ne4 Qh6 25. Bd3 Nf5 26.
Qxe5 Ne3+ 27. Kf2 Nxd1+ 28. Rxd1 Bxc4 29. Be2 Rxd1 30. Bxd1 Qb6+ 31. Ke1
Qe3+ {White resigns} 0-1

[Event "ICC tourney 3254 (40 10)"]
[Site "Internet Chess Club"]
[Date "2023.08.05"]
[Round "4"]
[White "MARKOVIC, GORAN:Goran21"]
[Black "Luo, Will:willluowin"]
[Result "1-0"]
[ICCResult "Black resigns"]
[WhiteElo "2049"]
[BlackElo "2011"]
[Opening "Caro-Kann: closed (Breyer) variation"]
[ECO "B10"]
[NIC "CK.01"]
[Time "17:45:27"]
[PlyCount "105"]
[TimeControl "2400+10"]

1. e4 c6 2. d3 d5 3. Nd2 e6 4. Ngf3 Nd7 5. d4 dxe4 6. Nxe4 Ngf6 7. Bd3 Nxe4
8. Bxe4 Nf6 9. Bd3 Be7 10. Qe2 O-O 11. Bg5 b6 12. O-O-O Bb7 13. Ne5 Qc7 14.
Qf3 Nd5 15. h4 Nb4 16. Qh5 Nxd3+ 17. Rxd3 f6 18. Ng4 fxg5 19. hxg5 Qf4+ 20.
Kb1 Qf5 21. Ne5 h6 22. f4 Qxf4 23. gxh6 Qxh6 24. Qd1 Bh4 25. Rdh3 g5 26. Qg4
Qf6 27. b3 Qf5 28. Qh5 Qh7 29. Qg4 Qf5 30. Rxh4 Qxg4 31. Rh8+ Kg7 32. R1h7+
Kf6 33. Nxg4+ Kf5 34. Rxf8+ Rxf8 35. Ne5 Ba6 36. g4+ Ke4 37. Rxa7 Bb5 38. a4
Kxd4 39. Nf7 Be2 40. Nxg5 Bxg4 41. Rd7+ Ke5 42. Nf7+ Kf6 43. Nd6 e5 44. Rb7
Rd8 45. Nc4 e4 46. Rxb6 Kf5 47. Rxc6 Kf4 48. Rf6+ Bf5 49. a5 Re8 50. Nd6 e3
51. Rxf5+ Kg4 52. Nxe8 Kxf5 53. Kc1 {Black resigns} 1-0

[Event "ICC tourney 3254 (40 10)"]
[Site "Internet Chess Club"]
[Date "2023.08.05"]
[Round "4"]
[White "LIANG, YU-CHENG:Yucheng"]
[Black "RALLABANDI, KRISHNA K:venkataralla"]
[Result "1-0"]
[ICCResult "Black checkmated"]
[WhiteElo "2213"]
[BlackElo "2055"]
[Opening "Grünfeld: modern exchange variation"]
[ECO "D85"]
[NIC "GI.04"]
[Time "17:45:06"]
[PlyCount "63"]
[TimeControl "2400+10"]

1. d4 Nf6 2. c4 g6 3. Nc3 d5 4. cxd5 Nxd5 5. e4 Nxc3 6. bxc3 Bg7 7. Nf3 c5
8. Bb5+ Nc6 9. d5 Qa5 10. Rb1 a6 11. Bxc6+ bxc6 12. O-O O-O 13. dxc6 Be6 14.
Bf4 Bxa2 15. Rb7 Bc4 16. Qa1 Qxa1 17. Rxa1 Bb5 18. c7 Rac8 19. Rd1 Bc6 20.
Rb8 f5 21. Rxc8 Rxc8 22. Rd8+ Bf8 23. Rxc8 Bb7 24. Rb8 fxe4 25. Ng5 Kg7 26.
Ne6+ Kf6 27. Nxf8 a5 28. Rxb7 a4 29. c8=Q a3 30. Qe6+ Kg7 31. Qxe7+ Kg8 32.
Qg7# {Black checkmated} 1-0

[Event "ICC tourney 3254 (40 10)"]
[Site "Internet Chess Club"]
[Date "2023.08.05"]
[Round "4"]
[White "INDUKURI, SUHAS VARMA:Suhas12"]
[Black "Vikas, Hema:madscience08"]
[Result "0-1"]
[ICCResult "White checkmated"]
[WhiteElo "1876"]
[BlackElo "1803"]
[Opening "Sicilian: Najdorf, Byrne (English) attack"]
[ECO "B90"]
[NIC "SI.14"]
[Time "17:45:19"]
[PlyCount "140"]
[TimeControl "2400+10"]

1. e4 c5 2. Nf3 d6 3. d4 cxd4 4. Nxd4 Nf6 5. Nc3 a6 6. Be3 e5 7. Nb3 Be6 8.
f3 Be7 9. Qd2 O-O 10. O-O-O a5 11. Kb1 Nbd7 12. Nb5 d5 13. exd5 Nxd5 14. Bf2
a4 15. Nc1 Rc8 16. a3 Bg5 17. Qd3 Nf4 18. Qe4 g6 19. Qxb7 Rb8 20. Qc6 Qf6
21. h4 Ba2+ 22. Nxa2 Qxc6 23. hxg5 Rxb5 24. Bxb5 Qxb5 25. Rh2 Rb8 26. Nb4
Nf8 27. g3 N4e6 28. f4 exf4 29. gxf4 Nxf4 30. Bg3 Qxg5 31. Rg1 Re8 32. Bf2
Qb5 33. Bg3 Ne2 34. Rgg2 Nxg3 35. Rxg3 Re1+ 36. Ka2 Qc4+ 37. b3 axb3+ 38.
Rxb3 Qd4 39. c3 Qf4 40. Rhb2 Qc1 41. Rb1 Qd2+ 42. R3b2 Qxc3 43. Rc2 Qe5 44.
Rxe1 Qxe1 45. Nd3 Qe4 46. Nb4 h5 47. Rh2 h4 48. Kb3 Qf3+ 49. Kb2 h3 50. Kc2
Qg2+ 51. Rxg2 hxg2 52. a4 g1=Q 53. a5 Qc5+ 54. Kb3 Qxa5 55. Nc2 g5 56. Nd4
g4 57. Ne2 Qb5+ 58. Kc3 Qxe2 59. Kd4 Qe6 60. Kd3 Qe5 61. Kd2 Qe4 62. Kc3 Qd5
63. Kc2 Qd4 64. Kb3 Qc5 65. Kb2 Qc4 66. Ka3 Qb5 67. Ka2 g3 68. Ka1 g2 69.
Ka2 g1=Q 70. Ka3 Qa1# {White checkmated} 0-1

[Event "ICC tourney 3254 (40 10)"]
[Site "Internet Chess Club"]
[Date "2023.08.05"]
[Round "4"]
[White "PUGH, RICHARD:rpughiii"]
[Black "TAO, SIHAN:pangpangba"]
[Result "0-1"]
[ICCResult "White resigns"]
[WhiteElo "1622"]
[BlackElo "2180"]
[Opening "Queen's pawn game"]
[ECO "D04"]
[NIC "QP.06"]
[Time "17:45:10"]
[PlyCount "64"]
[TimeControl "2400+10"]

1. Nf3 Nf6 2. d4 d5 3. e3 c5 4. b3 cxd4 5. exd4 Nc6 6. Bd3 Bg4 7. Bb2 e6 8.
O-O Be7 9. Nbd2 O-O 10. a3 Rc8 11. Rc1 Qc7 12. Qe1 Bxf3 13. Nxf3 Qa5 14. Qe2
Bxa3 15. Ra1 Bxb2 16. Rxa5 Nxa5 17. c4 Bc3 18. Qc2 Bb4 19. Ra1 Nc6 20. g3
dxc4 21. bxc4 Rfd8 22. Qb2 a5 23. Kg2 Rc7 24. Ra2 Rcd7 25. Ne5 Rxd4 26. Nxc6
bxc6 27. Bf1 Rd2 28. Qb3 Ne4 29. Rxd2 Rxd2 30. Qf3 Rxf2+ 31. Qxf2 Nxf2 32.
Kxf2 a4 {White resigns} 0-1

[Event "ICC tourney 3254 (40 10)"]
[Site "Internet Chess Club"]
[Date "2023.08.05"]
[Round "4"]
[White "HEBDEN, MARK L:mhebden"]
[Black "Volkov, Sergey:Volkov"]
[Result "0-1"]
[ICCResult "White resigns"]
[WhiteElo "2554"]
[BlackElo "2501"]
[Opening "Queen's pawn game, Krause variation"]
[ECO "D02"]
[NIC "QP.08"]
[Time "17:45:33"]
[PlyCount "124"]
[TimeControl "2400+10"]

1. d4 d5 2. Nf3 c5 3. c4 Nf6 4. e3 e6 5. cxd5 exd5 6. Bb5+ Nc6 7. O-O Be6 8.
b3 Qb6 9. Nc3 Rc8 10. Bb2 a6 11. Bxc6+ Qxc6 12. Rc1 b6 13. dxc5 bxc5 14. Na4
Qb5 15. Bxf6 gxf6 16. Qc2 h5 17. Rfd1 h4 18. Nc3 Qb7 19. e4 d4 20. Nd5 Bh6
21. Nxf6+ Ke7 22. Nd5+ Bxd5 23. exd5 Bxc1 24. Qe4+ Kf8 25. Rxc1 Re8 26. Qf5
Qe7 27. h3 Rh6 28. b4 cxb4 29. Nxd4 Qe4 30. Qxe4 Rxe4 31. Nf5 Rf6 32. Ne3 a5
33. Rc8+ Re8 34. Rc4 Rh6 35. Rc5 Ra8 36. Rb5 Rf6 37. Kf1 Rf4 38. Ke2 Ra6 39.
g3 hxg3 40. fxg3 Rff6 41. Nc4 Ra8 42. Ke3 Rf1 43. Nxa5 Rd1 44. h4 Kg7 45.
Nc6 Rxa2 46. Rxb4 Rxd5 47. Nd4 Rda5 48. g4 R2a3+ 49. Ke4 R5a4 50. Rxa4 Rxa4
51. g5 Kg6 52. Ke5 Ra1 53. Kf4 Kh5 54. Nf3 Rb1 55. Ne5 Kxh4 56. g6 Rf1+ 57.
Nf3+ Rxf3+ 58. Kxf3 fxg6 59. Kf4 g5+ 60. Kf3 Kh3 61. Kf2 g4 62. Kg1 Kg3
{White resigns}
0-1

[Event "ICC tourney 3254 (40 10)"]
[Site "Internet Chess Club"]
[Date "2023.08.05"]
[Round "4"]
[White "OPASKA, MICHAEL:mopaska1106"]
[Black "Cao, Frank Zhongtian:FrankCao"]
[Result "1-0"]
[ICCResult "Black resigns"]
[WhiteElo "2040"]
[BlackElo "1786"]
[Opening "QGD semi-Slav: Meran, Wade variation"]
[ECO "D47"]
[NIC "SL.09"]
[Time "17:45:04"]
[PlyCount "77"]
[TimeControl "2400+10"]

1. d4 d5 2. c4 e6 3. Nc3 c6 4. e3 Nf6 5. Nf3 Nbd7 6. Bd3 dxc4 7. Bxc4 b5 8.
Bd3 Bb7 9. O-O Bd6 10. e4 b4 11. e5 bxc3 12. exd6 cxb2 13. Bxb2 O-O 14. Rc1
Rc8 15. Ba3 Qa5 16. Qb3 c5 17. dxc5 Bxf3 18. Bb4 Bd5 19. Bxa5 Bxb3 20. axb3
Nxc5 21. Bc4 Nfd7 22. Bc7 Ne5 23. b4 Ncd3 24. Bxd3 Nxd3 25. Rc4 Ne5 26. Rc3
g6 27. f4 Ng4 28. Ra1 f5 29. Rxa7 Rfd8 30. h3 Rxd6 31. hxg4 Rd1+ 32. Kf2
fxg4 33. Be5 Rxc3 34. Bxc3 Rd3 35. Rc7 g3+ 36. Ke2 Rd5 37. Rc5 Rd6 38. Be5
Rb6 39. b5 {Black resigns} 1-0

[Event "ICC tourney 3254 (40 10)"]
[Site "Internet Chess Club"]
[Date "2023.08.05"]
[Round "4"]
[White "Guo, Anni:movingkid"]
[Black "Windram, James Alexander:Cypsiurus"]
[Result "0-1"]
[ICCResult "White resigns"]
[WhiteElo "2056"]
[BlackElo "1932"]
[Opening "Sicilian: Prins (Moscow) variation"]
[ECO "B55"]
[NIC "SI.01"]
[Time "17:45:29"]
[PlyCount "62"]
[TimeControl "2400+10"]

1. e4 c5 2. Nf3 d6 3. d4 cxd4 4. Nxd4 Nf6 5. f3 e5 6. Nb3 Be6 7. c4 a5 8.
Be3 a4 9. N3d2 Nc6 10. Be2 Be7 11. O-O Nd7 12. Nc3 Nc5 13. Rc1 Bg5 14. Bxg5
Qxg5 15. f4 exf4 16. Nf3 Qe7 17. Nd4 O-O 18. Rxf4 Qg5 19. g3 Ne5 20. Nd5
Bxd5 21. exd5 Ng6 22. Rf3 Rae8 23. Rcc3 Re5 24. Qc1 Qe7 25. Rce3 Re8 26.
Rxe5 Qxe5 27. Qd2 Qe4 28. Kf2 Ne5 29. Re3 Qh1 30. Nf5 Qxh2+ 31. Ke1 Qg1+
{White resigns}
0-1

[Event "ICC tourney 3254 (40 10)"]
[Site "Internet Chess Club"]
[Date "2023.08.05"]
[Round "4"]
[White "VALE CRUZ, ARMIN:trucker"]
[Black "LOCHAM, DIVJOT SINGH:winner08"]
[Result "0-1"]
[ICCResult "White resigns"]
[WhiteElo "1738"]
[BlackElo "1868"]
[Opening "Ruy Lopez: closed, Flohr-Zaitsev system (Lenzerheide variation)"]
[ECO "C92"]
[NIC "RL.26"]
[Time "17:45:34"]
[PlyCount "100"]
[TimeControl "2400+10"]

1. e4 e5 2. Nf3 Nc6 3. Bb5 a6 4. Ba4 Nf6 5. O-O Be7 6. Re1 b5 7. Bb3 d6 8.
c3 O-O 9. h3 Bb7 10. d3 Re8 11. Nbd2 Bf8 12. Nf1 Nb8 13. Ng3 g6 14. Ng5 Re7
15. f4 Nbd7 16. f5 Nc5 17. Rf1 Bg7 18. Be3 Nxb3 19. Qxb3 d5 20. a4 dxe4 21.
Bc5 Rd7 22. dxe4 gxf5 23. Rxf5 h6 24. Nxf7 Rxf7 25. Raf1 Qd3 26. Nh5 Qxe4
27. R1f2 Bd5 28. Qd1 Nxh5 29. Qxh5 Rxf5 30. Qxf5 Qxf5 31. Rxf5 Be6 32. Rf1
Rd8 33. axb5 axb5 34. Ra1 Rd2 35. Ra7 c6 36. b4 Bd5 37. g4 e4 38. Re7 Bxc3
39. h4 Bd4+ 40. Bxd4 Rxd4 41. Kf2 Rxb4 42. Ke3 Rb3+ 43. Kf4 Rf3+ 44. Ke5 Rf7
45. Re8+ Kg7 46. g5 hxg5 47. hxg5 b4 48. Kd4 b3 49. Rb8 Rf3 50. Ke5 e3
{White resigns}
0-1

[Event "ICC tourney 3254 (40 10)"]
[Site "Internet Chess Club"]
[Date "2023.08.05"]
[Round "4"]
[White "Wu, Zhuoyuan:Jake000"]
[Black "KOEHL, EVAN:MacAndSneeze"]
[Result "0-1"]
[ICCResult "White forfeits on time"]
[WhiteElo "1798"]
[BlackElo "2027"]
[Opening "Caro-Kann: Tartakower (fantasy) variation"]
[ECO "B12"]
[NIC "CK.02"]
[Time "17:45:10"]
[PlyCount "76"]
[TimeControl "2400+10"]

1. e4 c6 2. d4 d5 3. f3 Qb6 4. a3 e6 5. c4 dxe4 6. fxe4 e5 7. Nf3 Bg4 8.
dxe5 Bc5 9. Qc2 Nd7 10. b4 Be7 11. Bb2 Bxf3 12. gxf3 Bh4+ 13. Kd1 Rd8 14.
Nd2 Qe3 15. Qc3 Qf4 16. Kc2 Nb6 17. Rd1 Bg5 18. Bc1 Qh4 19. Rg1 Bh6 20. Rg4
Qf2 21. Rg2 Qh4 22. Qb3 Ne7 23. c5 Nd7 24. Nc4 O-O 25. e6 Bxc1 26. Rxd7 Rxd7
27. exd7 Bf4 28. Nd6 Bxd6 29. cxd6 Ng6 30. Bc4 Qd8 31. Qc3 Qxd7 32. f4 Qxd6
33. f5 Ne5 34. Qg3 Qf6 35. Bb3 Rd8 36. h4 h6 37. Rd2 Rxd2+ 38. Kxd2 Kf8
{White forfeits on time}
0-1

[Event "ICC tourney 3254 (40 10)"]
[Site "Internet Chess Club"]
[Date "2023.08.05"]
[Round "5"]
[White "YU, AVERY:Averyyu321"]
[Black "PUGH, RICHARD:rpughiii"]
[Result "1-0"]
[ICCResult "Black resigns"]
[WhiteElo "1997"]
[BlackElo "1622"]
[Opening "Pirc defense"]
[ECO "B07"]
[NIC "PU.08"]
[Time "20:00:32"]
[PlyCount "41"]
[TimeControl "2400+10"]

1. e4 d6 2. d4 Nf6 3. Nc3 Nbd7 4. Be3 e5 5. dxe5 dxe5 6. Bc4 Bb4 7. Ne2 c6
8. O-O O-O 9. a3 Be7 10. Ng3 b5 11. Ba2 Qc7 12. Nf5 Bc5 13. Bg5 Rd8 14. Qf3
Bb7 15. Rad1 a5 16. Ne2 b4 17. axb4 axb4 18. Bb3 Ba6 19. Rfe1 Bb5 20. Neg3
Bf8 21. Nh5 {Black resigns} 1-0